 Dungeon Crawl Stone Soup version 0.28-a0-1415-g7c84da036a (webtiles) character file.

Game seed: 3199325090631236734

32 southernslant the Poker (level 3, -1/31 HPs)
             Began as a Minotaur Gladiator on Jan 7, 2022.
             Was a Follower of the Shining One.
             Slain by Robin (4 damage)
             ... on level 2 of the Dungeon.
             The game lasted 00:02:45 (606 turns).

southernslant the Poker (Minotaur Gladiator)         Turns: 606, Time: 00:02:45

Health: -1/31      AC:  3    Str: 18    XL:     3   Next: 10%
Magic:  2/2        EV: 12    Int:  5    God:    the Shining One [*.....]
Gold:   37         SH:  0    Dex: 13    Spells: 2/2 levels left

rFire   . . .      SeeInvis .   a - +0 trident
rCold   . . .      Faith    .   (no shield)
rNeg    . . .      Spirit   .   b - +0 leather armour
rPois   .          Reflect  .   c - +0 hat
rElec   .          Harm     .   (no cloak)
rCorr   .          Rampage  .   (no gloves)
Will    .....                   (no boots)
Stlth   +.........              (no amulet)
HPRegen 0.10/turn               (no ring)
MPRegen 0.08/turn               (no ring)

@: glowing
A: horns 2, retaliatory headbutt
a: Renounce Religion, Divine Shield


You were on level 2 of the Dungeon.
You worshipped the Shining One.
The Shining One was aware of your devotion.
You visited 1 branch of the dungeon, and saw 2 of its levels.

You collected 37 gold pieces.

Inventory:

Hand Weapons
 a - a +0 trident (weapon)
Missiles
 d - 3 throwing nets (quivered)
 g - 12 poisoned darts
 j - 32 stones
Armour
 b - a +0 leather armour (worn)
 c - a +0 hat (worn)
Jewellery
 e - a ring of flight
Scrolls
 f - a scroll of teleportation {unknown}
Potions
 h - a potion of curing {unknown}
 i - a potion of might {unknown}


   Skills:
 * Level 3.1 Fighting
 + Level 3.8 Polearms
 + Level 2.1 Throwing
 * Level 1.6 Armour
 + Level 3.4 Dodging
 + Level 0.3 Stealth


You had 2 spell levels left.
You didn't know any spells.
Your spell library was empty.

Dungeon Overview and Level Annotations

Branches:
Dungeon (2/15)

Altars:
The Shining One

Annotations:
D:2 Robin


Innate Abilities, Weirdness & Mutations

You have a pair of horns on your head.
You reflexively headbutt those who attack you in melee.


Message History

The goblin hits you but does no damage.
You hit the goblin.
You kill the goblin!
The goblin no longer looks unusually strong.
You hit the goblin but do no damage.
The goblin no longer looks unusually strong.
The goblin misses you.
A ball python comes into view.
The goblin misses you.
The ball python hisses angrily.
You hit the goblin.
You kill the goblin!
Robin throws the goblin at you!
You have reached level 3!
Your experience leads to an increase in your attributes!
Increase (S)trength, (I)ntelligence, or (D)exterity?
You feel agile. x2
You are too injured to fight recklessly!
You are too injured to fight recklessly!
You are too injured to fight recklessly!
You hit the goblin.
You kill the goblin!
The goblin hits you but does no damage.
You hit the goblin.
You kill the goblin!
Robin throws the goblin at you! The goblin closely misses you.
You hit the goblin. Your headbutt misses the goblin.
The goblin is severely wounded.
The goblin hits you with a +0 club.
You puncture the goblin!
You kill the goblin!
Robin hits you with a +0 whip.
* * * LOW HITPOINT WARNING * * *
You completely miss Robin. You headbutt Robin, but do no damage.
Robin hits you with a +0 whip.
* * * LOW HITPOINT WARNING * * *
You puncture Robin!
Robin is heavily wounded.
Robin hits you with a +0 whip.
You die...

....#...#
.$...!...
........#
........####...
..g..........#
....gg..###
....g....g#
........#g#
........#@#
.##.#..##)#
#.#.# #.. . ..
#### . ##.


You could see Robin and a hobgoblin (strong).

Vanquished Creatures
  A bat (D:1)
  3 endoplasms (D:1)
  8 goblins
  5 hobgoblins
  A quokka (D:1)
  6 ball pythons (D:1)
  A frilled lizard (D:1)
  2 kobolds (D:1)
  3 rats (D:1)
30 creatures vanquished.

Vanquished Creatures (others)
  A plant (D:1)
1 creature vanquished.

Grand Total: 31 creatures vanquished

Notes
Turn   | Place    | Note
-------+----------+-------------------------------------------
     0 | D:1      | southernslant the Minotaur Gladiator began the quest for
                  | the Orb.
     0 | D:1      | Reached XP level 1. HP: 18/18 MP: 0/0
   176 | D:1      | Reached XP level 2. HP: 25/25 MP: 1/1
   215 | D:1      | Found a faded altar of an unknown god.
   221 | D:1      | Reached skill level 1 in Armour
   230 | D:1      | Prayed at the altar of an unknown god.
   230 | D:1      | Became a worshipper of the Shining One
   230 | D:1      | Reached * piety under the Shining One
   584 | D:2      | Noticed Robin
   601 | D:2      | Reached XP level 3. HP: 14/31 MP: 2/2
   606 | D:2      | Slain by Robin

Illustrated notes

Levels and vault maps discovered:
D:1:      evilmike_arrival_fibonacci_small, layout_rooms,
          shapermc_ecumenical_altar_acropolis
D:2:      layout_rooms, uniq_robin

Skill      XL: |  1  2 |
---------------+-------+-----
Armour         | 1 |  1.6
Fighting       | 3 |  3.1
Polearms       | |  3.8
Throwing       | |  2.1
Dodging        | |  3.4
Stealth        | |  0.3

Action                   || total
-------------------------++-------
Melee: Trident           ||    58
       Punch             ||     1
       Headbutt          ||     4
Armor: Leather armour    ||    10
Dodge: Dodged            ||    25

Table legend: (Time is in decaauts)
 A = Elapsed time spent in this place.
 B = Non-inter-level travel time spent in this place.
 C = Inter-level travel time spent in this place.
 D = Time resting spent in this place.
 E = Time spent auto-exploring this place.
 F = Levels seen in this place.
 G = Mean time per level.
                   A        B        C        D        E       F      G
               +--------+--------+--------+--------+--------+-----+--------+
         Total |    613 |    613 |      0 |      0 |    431 |   2 |  306.5 |
       Dungeon |    613 |    613 |      0 |      0 |    431 |   2 |  306.5 |
               +--------+--------+--------+--------+--------+-----+--------+

Top non-repeatable levels by time:
     D:1: 589 daAuts
     D:2: 24 daAuts
